 Dungeon Crawl Stone Soup version 0.26-a0-844-g3dd439832f (webtiles) character file.

Game seed: 10457224767420894928

7548 jestyr24 the Fighter (level 10, -11/150 (151) HPs)
             Began as a Minotaur Berserker on Nov 18, 2020.
             Was a High Priest of Trog.
             Killed from afar by a raiju (14 damage)
             ... with a living lightning
             ... on level 2 of the Abyss.
             The game lasted 00:55:57 (9498 turns).

jestyr24 the Fighter (Minotaur Berserker)           Turns: 9498, Time: 00:55:57

HP:   -11/150 (151) AC: 25    Str: 25    XL:     10   Next: 96%
MP:   9/9           EV:  2    Int:  4    God:    Trog [*****.]
Gold: 663           SH: 10    Dex: 10    Spells: 9/9 levels left

rFire    + . .     SeeInvis .   l - +3 flail (protect)
rCold    . . .     Faith    .   Q - +0 kite shield
rNeg     + + +     Spirit   .   (armour currently unavailable)
rPois    +         Reflect  .   (helmet currently unavailable)
rElec    .         Harm     .   (cloak currently unavailable)
rCorr    .         Rampage  .   (gloves currently unavailable)
MR       .....     NoTele   +   (boots currently unavailable)
Stlth    +.........             (no amulet)
HPRegen  0.35/turn              i - ring of protection from fire
MPRegen  0.11/turn              (no ring)

@: tree-form
A: (retaliatory headbutt)
a: Berserk, Trog's Hand, Brothers in Arms, Renounce Religion


You were on level 2 of the Abyss.
You worshipped Trog.
Trog was extremely pleased with you.
You were a tree.
You visited 1 branch of the dungeon, and saw 11 of its levels.
You visited the Abyss 1 time.
You also visited: Sewer.

You collected 663 gold pieces.

Inventory:

Hand Weapons
 b - a +1 hand axe of freezing
 l - a +3 flail of protection (weapon)
 A - a +0 war axe
 C - a +1 mace of holy wrath
 H - a +4 morningstar
 L - a +5 trident
 M - a +0 broad axe
 R - a +2 flail of venom
Missiles
 d - 249 stones
 w - 5 boomerangs (quivered)
 D - 14 poisoned darts
 K - 5 curare-tipped darts
Armour
 m - a +0 cloak (melded)
 p - a +0 pair of gloves (melded)
 v - a +0 buckler
 F - a +3 scale mail
 Q - a +0 kite shield (worn)
 S - a +0 plate armour (melded)
Jewellery
 i - a ring of protection from fire (left branch)
Wands
 g - a wand of iceblast (19)
 y - a wand of acid (23)
 B - a wand of polymorph (4)
 I - a wand of paralysis (4)
 N - a wand of flame (22)
Scrolls
 a - a scroll of amnesia {unknown}
 c - 6 scrolls of identify
 h - 8 scrolls of remove curse
 j - 9 scrolls of teleportation
 k - a scroll of magic mapping {unknown}
 o - 2 scrolls of blinking
 q - a scroll of fear {unknown}
 G - a scroll of enchant armour {unknown}
Potions
 e - 2 potions of lignification
 f - a potion of resistance {unknown}
 n - a potion of mutation {unknown}
 r - 2 potions of curing {unknown}
 s - 5 potions of flight
 t - 2 potions of berserk rage {unknown}
 u - 4 potions of degeneration {unknown}
 x - 3 potions of heal wounds {unknown}
 z - a potion of brilliance {unknown}
 E - a potion of might
 J - a potion of attraction {unknown}
 O - a potion of magic {unknown}
 P - a potion of haste {unknown}


   Skills:
 - Level 13.1 Fighting
 - Level 10.8 Axes
 - Level 2.0 Throwing
 + Level 7.7 Armour
 - Level 5.3 Dodging
 + Level 6.1 Shields


You had 9 spell levels left.
You didn't know any spells.
Your spell library contained the following spells:

 Spells                   Type           Power        Failure   Level
 Freeze                   Ice            #...         87%         1
 Magic Dart               Conj           #...         87%         1
 Summon Small Mammal      Summ           #...         87%         1
 Blink                    Tloc           N/A          95%         2
 Call Imp                 Summ           #.......     95%         2
 Poisonous Vapours        Pois/Air       #.....       95%         2
 Slow                     Hex            #.......     95%         2
 Call Canine Familiar     Summ           #.......     99%         3
 Conjure Flame            Conj/Fire      #.......     99%         3
 Mephitic Cloud           Conj/Pois/Air  #.......     99%         3
 Summon Guardian Golem    Hex/Summ       #.......     99%         3
 Summon Ice Beast         Ice/Summ       #.......     100%        4
 Summon Lightning Spire   Summ/Air       #.......     100%        4
 Bolt of Magma            Conj/Fire/Erth #.........   100%        5
 Freezing Cloud           Conj/Ice/Air   #.........   100%        6
 Simulacrum               Ice/Necr       #.........   100%        6


Dungeon Overview and Level Annotations

Branches:
Dungeon (11/15)            Temple (0/1) D:7            Lair (0/6) D:10
    Orc (0/2) D:9           Sewer (visited)

Altars:
Ashenzari
Cheibriados
Gozag
Kikubaaqudgha
Makhleb
Okawaru
Sif Muna
Trog
Vehumet
Xom
Yredelemnul

Annotations:
D:11 Sonja


Innate Abilities, Weirdness & Mutations

((You reflexively headbutt those who attack you in melee.))
((You have a pair of horns on your head.))


Message History

The living lightning hits the ynoxinul.
The ynoxinul resists.
The living lightning hits the ynoxinul.
The ynoxinul resists.
The living lightning hits you!
* * * LOW HITPOINT WARNING * * *
The raiju blinks!
Really quaff the potion of lignification?
Uppercase [Y]es or [N]o only, please.
Really quaff the potion of lignification?
You turn into a tree.
Your +0 cloak melds into your body.
Your +0 pair of gloves melds into your body.
Your +0 plate armour melds into your body.
Your roots penetrate the ground.
You block the ynoxinul's attack.
The raiju bursts into living lightning!
The living lightning hits the raiju.
The raiju completely resists.
The living lightning hits you!
* * * LOW HITPOINT WARNING * * *
The living lightning hits the ynoxinul.
The ynoxinul resists.
The living lightning hits the ynoxinul.
The ynoxinul resists.
The living lightning hits you!
You die...

. .# #.
..#
#...#.#
#....#.###
#.....
#..#
......
#.5##
#.35## # #
..#3## #
## ##♣# #
###h# .h.
....#
...## ...#
#.#. .###


You could see 2 raiju and a ynoxinul.

Vanquished Creatures
  2 two-headed ogres
  A troll (D:9)
  Prince Ribbit (D:8)
  A hornet (D:8)
  A wraith (D:10)
  A wyvern (D:9)
  A steam dragon (D:9)
  A water moccasin (D:9)
  Duvessa (D:6)
  2 ice beasts
  2 black bears (D:10)
  An eye of draining (D:9)
  2 necrophages
  5 orc warriors
  2 sky beasts
  3 ogres
  2 centaurs
  2 big kobolds
  2 gnoll sergeants
  5 bullfrogs
  Dowan (D:6)
  A wyvern skeleton (D:6)
  4 scorpions
  A water moccasin skeleton (D:6)
  9 killer bees (D:10)
  7 wights
  A howler monkey (D:4)
  A bullfrog zombie (D:4)
  2 centaur zombies
  A quasit (D:8)
  7 hounds
  An orc priest (D:6)
  2 jellies
  A bullfrog skeleton (D:6)
  7 orc wizards
  3 centaur skeletons
  Jessica (D:2)
  3 iguanas
  2 worker ants
  A hound zombie (D:7)
  A hound skeleton (D:9)
  A worker ant zombie (D:9)
  A howler monkey zombie (D:10)
  6 gnolls
  8 adders
  2 howler monkey skeletons
  A shadow imp (D:9)
  2 white imps
  2 ufetubi
  5 oozes (Sewer)
  An adder skeleton (D:8)
  7 worms
  5 leopard geckos
  34 orcs
  14 bats
  8 giant cockroaches
  5 goblins
  4 hobgoblins
  4 jackals (Sewer)
  A quokka (D:7)
  5 ball pythons
  A frilled lizard (D:1)
  16 kobolds
  A quokka zombie (D:6)
  3 rats
232 creatures vanquished.

Vanquished Creatures (others)
  3 fungi
  A plant (D:10)
  4 toadstools (D:6)
8 creatures vanquished.

Grand Total: 240 creatures vanquished

Notes
Turn   | Place    | Note
-------+----------+-------------------------------------------
     0 | D:1      | jestyr24 the Minotaur Berserker began the quest for the
                  | Orb.
     0 | D:1      | Reached XP level 1. HP: 19/19 MP: 0/0
   218 | D:1      | Reached skill level 4 in Fighting
   218 | D:1      | Reached XP level 2. HP: 23/27 MP: 1/1
   782 | D:2      | Noticed Jessica
   786 | D:2      | Reached XP level 3. HP: 33/33 MP: 2/2
   801 | D:2      | Reached ** piety under Trog
   807 | D:2      | Killed Jessica
   943 | D:2      | Reached XP level 4. HP: 40/41 MP: 3/3
  1061 | D:2      | Reached skill level 1 in Throwing
  1406 | D:3      | Reached skill level 5 in Axes
  1406 | D:3      | Reached XP level 5. HP: 39/47 MP: 4/4
  1704 | D:3      | Found a broken altar of Ashenzari.
  2137 | D:4      | Reached skill level 5 in Fighting
  2138 | D:4      | Reached XP level 6. HP: 50/56 MP: 5/5
  2159 | D:4      | Found an ancient bone altar of Kikubaaqudgha.
  2221 | D:4      | Found a glowing drain.
  2237 | Sewer    | Entered a sewer
  2600 | Sewer    | Reached *** piety under Trog
  2874 | D:4      | Reached skill level 1 in Shields
  3105 | D:5      | Entered Level 5 of the Dungeon
  3319 | D:5      | Reached XP level 7. HP: 61/61 MP: 6/6
  3884 | D:6      | Noticed Duvessa
  3884 | D:6      | Noticed Dowan
  3894 | D:6      | Reached skill level 5 in Armour
  3900 | D:6      | Killed Duvessa
  3905 | D:6      | Killed Dowan
  4093 | D:6      | Reached XP level 8. HP: 69/69 MP: 7/7
  4316 | D:6      | Found a burning altar of Makhleb.
  4360 | D:6      | Found a basalt altar of Yredelemnul.
  4360 | D:6      | Found a radiant altar of Vehumet.
  4360 | D:6      | Found a shimmering blue altar of Sif Muna.
  4366 | D:6      | Found an opulent altar of Gozag.
  4366 | D:6      | Found a bloodstained altar of Trog.
  4776 | D:7      | Reached skill level 6 in Fighting
  4984 | D:7      | Reached **** piety under Trog
  5043 | D:7      | Reached skill level 5 in Shields
  5064 | D:7      | Found a staircase to the Ecumenical Temple.
  5540 | D:8      | Found a shimmering altar of Xom.
  5544 | D:8      | Noticed a two-headed ogre
  5557 | D:8      | Killed a two-headed ogre
  5558 | D:8      | Reached skill level 7 in Fighting
  5558 | D:8      | Reached skill level 5 in Dodging
  5558 | D:8      | Reached XP level 9. HP: 81/81 MP: 8/8
  5685 | D:8      | Reached skill level 8 in Fighting
  6084 | D:8      | Noticed Prince Ribbit
  6104 | D:8      | Killed Prince Ribbit
  6105 | D:8      | Reached skill level 10 in Axes
  6494 | D:9      | Reached skill level 9 in Fighting
  6603 | D:9      | You fall into a shaft and drop 1 floor!
  6603 | D:10     | Entered Level 10 of the Dungeon
  6754 | D:10     | Reached skill level 10 in Fighting
  6812 | D:9      | Reached XP level 10. HP: 93/94 MP: 0/9
  6936 | D:9      | Reached skill level 11 in Fighting
  7055 | D:9      | Identified Sif Muna's Guide on the Frostbite and the Rocks
  7128 | D:9      | Reached ***** piety under Trog
  7306 | D:9      | Found a staircase to the Orcish Mines.
  7605 | D:9      | Found an iron altar of Okawaru.
  7649 | D:9      | Reached skill level 12 in Fighting
  8177 | D:10     | Noticed a two-headed ogre
  8192 | D:10     | Killed a two-headed ogre
  8480 | D:10     | Reached skill level 13 in Fighting
  8492 | D:10     | Found a staircase to the Lair.
  8985 | D:10     | Found a snail-covered altar of Cheibriados.
  9292 | D:11     | Noticed Sonja
  9308 | D:11     | Cast into level 1 of the Abyss (Sonja)
  9371 | Abyss:1  | Noticed a vampire mage
  9498 | Abyss:2  | HP: 3/150 [raiju/living lightning (8)]
  9498 | Abyss:2  | Killed from afar by a raiju

Illustrated notes

Levels and vault maps discovered:
D:1:      lemuel_arrival_muddy, layout_basic
D:2:      layout_basic, uniq_jessica
D:3:      layout_rooms, nicolae_ashenzari_panopticon,
          minmay_misc_feat_nine_boxes
D:4:      layout_rooms, lemuel_crystal_altar, cheibrodos_sewer_entry_bend
D:5:      layout_cave_pools
D:6:      layout_basic, minmay_overflow_temple_hex, minmay_gold_behind_fungi,
          uniq_duvessa
D:7:      layout_basic, minmay_temple_entry_slanted, grunt_decor_fettered
D:8:      layout_cave_pools, basic_altar, uniq_prince_ribbit1
D:9:      layout_gridville, orc_0_dummy, okawaru_trees_2
D:10:     layout_loops_corners, grunt_lair_entry_orc_guard_hut, basic_altar
D:11:     layout_basic, uniq_sonja
Abyss:2:  base:
D:11

Skill      XL: |  1  2  3  4  5  6  7  8  9 10 |
---------------+-------------------------------+-----
Fighting       | 4 5 7 10 13 | 13.1
Axes           | 4 5 7 9 10 | 10.8
Armour         | 3 4 5 7 |  7.7
Throwing       | 1 2 |  2.0
Dodging        | 3 5 |  5.3
Shields        | 3 4 5 6 |  6.1

Action                   |  1- 3 |  4- 6 |  7- 9 | 10-12 || total
-------------------------+-------+-------+-------+-------++-------
Melee: Hand axe          |    67 |   118 |   183 |       ||   368
       Headbutt          |     5 |    24 |    70 |    55 ||   154
       Mace              |       |       |    51 |       ||    51
       Flail             |       |       |    50 |   190 ||   240
       War axe           |       |       |    41 |       ||    41
Throw: Stone             |    36 |    17 |       |       ||    53
       Boomerang         |       |     8 |    15 |     4 ||    27
Invok: Berserk           |       |     1 |     3 |     1 ||     5
  Use: Scroll            |       |     8 |     1 |       ||     9
       Potion            |       |     2 |     1 |     1 ||     4
 Stab: Sleeping          |     1 |       |       |       ||     1
Armor: Animal skin       |    15 |       |       |       ||    15
       Scale mail        |    18 |    54 |    88 |    85 ||   245
       Chain mail        |       |       |    35 |       ||    35
       Skin              |       |       |     6 |       ||     6
       Plate armour      |       |       |       |    26 ||    26
Dodge: Dodged            |    52 |    71 |   153 |   102 ||   378
Block: Buckler           |       |       |    71 |    43 ||   114
       Kite shield       |       |       |       |    28 ||    28

Table legend: (Time is in decaauts)
 A = Elapsed time spent in this place.
 B = Non-inter-level travel time spent in this place.
 C = Inter-level travel time spent in this place.
 D = Time resting spent in this place.
 E = Time spent auto-exploring this place.
 F = Levels seen in this place.
 G = Mean time per level.
                   A        B        C        D        E       F      G
               +--------+--------+--------+--------+--------+-----+--------+
         Total |   9725 |   9459 |    266 |   1898 |   4102 |  14 |  694.6 |
       Dungeon |   8898 |   8632 |    266 |   1745 |   4102 |  11 |  808.9 |
         Abyss |    210 |    210 |      0 |    153 |      0 |   2 |  105.0 |
         Sewer |    617 |    617 |      0 |      0 |      0 |   1 |  617.0 |
               +--------+--------+--------+--------+--------+-----+--------+

Top non-repeatable levels by time:
    D:10: 1475 daAuts
     D:9: 1308 daAuts
     D:6: 1111 daAuts
     D:8: 973 daAuts
     D:7: 805 daAuts
     D:1: 772 daAuts
     D:3: 629 daAuts
   Sewer: 617 daAuts
     D:4: 615 daAuts
     D:2: 614 daAuts
     D:5: 528 daAuts
 Abyss:1: 117 daAuts
 Abyss:2: 92 daAuts
    D:11: 64 daAuts
